 Dungeon Crawl Stone Soup version 0.30-a0-618-gd6c86c23d0 (webtiles) character file.

Game seed: 626795562059713673

3760 bmack86 the Fighter (level 9, -5/77 (85) HPs)
             Began as a Minotaur Fighter on Jan 9, 2023.
             Was an Elder of Okawaru.
             Slain by an orc warrior
             ... wielding a +0 halberd
              (7 damage)
             ... on level 8 of the Dungeon.
             The game lasted 00:15:59 (5973 turns).

bmack86 the Fighter (Minotaur Fighter)              Turns: 5973, Time: 00:15:59

HP:   -5/77 (85)    AC: 14    Str: 25    XL:     9   Next: 94%
MP:   10/10         EV:  7    Int:  5    God:    Okawaru [****..]
Gold: 402           SH:  0    Dex: 16    Spells: 8/8 levels left

rFire   . . .      SeeInvis .    a - +2 war axe (flame)
rCold   . . .      Faith    .    c - +1 buckler
rNeg    . . .      Spirit   .    d - +0 plate armour
rPois   +          Reflect  +    (helmet restricted)
rElec   .          Harm     .    (no cloak)
rCorr   .          Rampage  .    l - +0 pair of gloves
Will    .....                    (no boots) Stlth
                                 h - amulet of reflection
HPRegen 0.32/turn                p - +6 ring of dexterity
MPRegen 0.12/turn                b - ring of poison resistance

@: confused, drained
A: horns 2, retaliatory headbutt
a: Renounce Religion, Heroism, Finesse


You were on level 8 of the Dungeon.
You worshipped Okawaru.
Okawaru was greatly pleased with you.
You visited 2 branches of the dungeon, and saw 9 of its levels.

You collected 412 gold pieces.
You spent 10 gold pieces at shops.

Inventory:

Hand Weapons
 a - a +2 war axe of flaming (weapon)
Missiles
 A - 3 boomerangs (quivered)
Armour
 c - a +1 buckler (worn)
 d - a +0 plate armour (worn)
 l - a +0 pair of gloves (worn)
Jewellery
 b - a ring of poison resistance (right hand)
 h - an amulet of reflection (around neck)
 n - a ring of see invisible
 p - a +6 ring of dexterity (left hand)
 C - a ring of wizardry
Wands
 x - a wand of iceblast (5)
Scrolls
 m - a scroll of teleportation
Potions
 e - 4 potions of brilliance
 f - 12 potions of curing
 i - a potion of ambrosia {unknown}
 j - 4 potions of berserk rage
 k - 4 potions of resistance
 o - 2 potions of heal wounds {unknown}
 r - 2 potions of haste {unknown}
 s - a potion of mutation {unknown}
 v - 2 potions of attraction {unknown}
 w - 2 potions of lignification {unknown}
 z - a potion of might
 B - a potion of cancellation {unknown}


   Skills:
 * Level 9.8 Fighting
 * Level 9.2 Axes
 + Level 4.2 Throwing
 + Level 7.4 Armour
 + Level 7.2 Shields
 + Level 3.7 Invocations


You had 8 spell levels left.
You didn't know any spells.
Your spell library contained the following spells:

 Spells                   Type           Power      Damage    Failure   Level
 Freeze                   Ice            0%         1d3       100%        1
 Necrotise                Necr           0%         1d4       100%        1
 Frozen Ramparts          Ice            0%         1d1       100%        3
 Gell's Gravitas          Tloc           0%         N/A       100%        3
 Hailstorm                Conj/Ice       0%         3d3       100%        3
 Lesser Beckoning         Tloc           0%         N/A       100%        3
 Teleport Other           Tloc           0%         N/A       100%        3
 Vampiric Draining        Necr           0%         2d6       100%        3
 Agony                    Necr           0%         N/A       100%        5


Dungeon Overview and Level Annotations

Branches:
Dungeon (8/15)             Temple (1/1) D:6
   Lair: D:8-11

Altars:
Ashenzari
Fedhas
Gozag
Makhleb
Okawaru
Yredelemnul
Zin
The Shining One

Shops:
D:1 (   D:3 (

Annotations:
D:8 Joseph, Maggie


Innate Abilities, Weirdness & Mutations

You have a pair of horns on your head.
You reflexively headbutt those who attack you in melee.


Message History

Found a clear potion.
Joseph unwields a +0 quarterstaff.
Joseph wields a +0 sling.
Joseph shoots a sling bullet.
The sling bullet barely misses you.
The sling bullet hits Maggie!!
The orc wizard barely misses you. Maggie closely misses you.
Joseph unwields a +0 sling.
Joseph wields a +0 quarterstaff.
Joseph hits you with a +0 quarterstaff!
The orc wizard hits you with a +0 dagger.
The orc hits you but does no damage.
Maggie hits you from afar with a +0 glaive of draining!
You feel drained.
The orc warrior hits you with a +0 halberd!
The orc attacks as you move away! The orc hits you with a +0 trident.
* * * LOW HITPOINT WARNING * * *
Joseph unwields a +0 quarterstaff.
Joseph wields a +0 sling.
Joseph shoots a sling bullet.
The sling bullet hits you!
* * * LOW HITPOINT WARNING * * *
The orc wizard hits you but does no damage.
The orc hits you from afar with a +0 trident.
* * * LOW HITPOINT WARNING * * *
Maggie hits you with a +0 glaive of draining.
* * * LOW HITPOINT WARNING * * *
You feel drained.
The orc warrior hits you but does no damage.
You closely miss Maggie. You headbutt Maggie!
Maggie is heavily wounded.
You hit the orc wizard. You burn the orc wizard.
The orc wizard hits you with a +0 dagger.
* * * LOW HITPOINT WARNING * * *
The orc hits you but does no damage. Maggie hits you but does no damage.
You feel drained.
Joseph smiles happily.
The orc warrior hits you from afar with a +0 halberd.
* * * LOW HITPOINT WARNING * * *
You break out of your daze.
The orc barely misses you.
Maggie hits you with a +0 glaive of draining.
* * * LOW HITPOINT WARNING * * *
You feel drained.
The orc warrior hits you from afar with a +0 halberd!
You die...

........ .... ....
......# #.... .!..
.....##.... #...
#........# .#...
#[.......##. ....
......###..........
###.
......#..o.........
# #...@o@..<.......
...##..@.o.........
#......##....!..
#......# .......
##.##..(#.....##
... ##.......#.#
.... #.......# #
.... ......... ....
#.....


You could see Joseph, Maggie, an orc warrior, an orc wizard and an orc.

Vanquished Creatures
  Pikel (D:5)
  A hornet (D:7)
  Prince Ribbit (D:7)
  Sigmund (D:2)
  Eustachio (D:6)
  2 steam dragons (D:6)
  Menkaure (D:7)
  A water moccasin (D:5)
  Duvessa (D:6)
  A sky beast (D:7)
  3 ogres
  4 phantoms
  3 centaurs
  3 lemures (D:5)
  A kobold brigand (D:7)
  A gnoll sergeant (D:6)
  3 wights (D:7)
  Dowan (D:6)
  2 howler monkeys (D:7)
  5 orc priests
  3 hounds
  7 orc wizards
  13 gnolls
  8 adders
  An ufetubus (D:5)
  A worm (D:2)
  4 dart slugs
  20 orcs
  5 endoplasms
  2 giant cockroaches
  6 goblins
  2 hobgoblins
  14 kobolds
  4 quokkas
  4 ball pythons
  8 bats
  2 frilled lizards
  6 rats
147 creatures vanquished.

Notes
Turn   | Place    | Note
-------+----------+-------------------------------------------
     0 | D:1      | bmack86 the Minotaur Fighter began the quest for the Orb.
     0 | D:1      | Reached XP level 1. HP: 19/19 MP: 0/0
    51 | D:1      | Found Maobaom's Antique Weapon Shop.
   352 | D:1      | Reached XP level 2. HP: 27/27 MP: 1/1
   628 | D:2      | Noticed Sigmund
   750 | D:2      | Reached XP level 3. HP: 22/33 MP: 2/2
   872 | D:2      | Killed Sigmund
   873 | D:2      | Reached skill level 5 in Fighting
   873 | D:2      | Reached XP level 4. HP: 35/42 MP: 3/3
   873 | D:2      | Reached XP level 5. HP: 40/48 MP: 4/4
   934 | D:2      | Identified the +0 ring mail of the Terrible God {+Blink
                  | rPois}
  1026 | D:2      | Found a faded altar of an unknown god.
  1047 | D:2      | Found an iron altar of Okawaru.
  1054 | D:2      | Became a worshipper of Warmaster Okawaru
  1684 | D:3      | Noticed an ogre
  1689 | D:3      | Killed an ogre
  1690 | D:3      | Reached XP level 6. HP: 57/57 MP: 5/5
  1703 | D:3      | Reached skill level 5 in Axes
  1810 | D:3      | Reached skill level 5 in Shields
  1814 | D:3      | Reached skill level 5 in Armour
  1952 | D:3      | Found Meityhymufa's Weapon Emporium.
  1978 | D:3      | Bought 2 poisoned darts for 10 gold pieces
  2008 | D:3      | Found a broken altar of Ashenzari.
  2014 | D:3      | Found an opulent altar of Gozag.
  2014 | D:3      | Found a glowing silver altar of Zin.
  2014 | D:3      | Found a basalt altar of Yredelemnul.
  2015 | D:3      | Found a burning altar of Makhleb.
  2016 | D:3      | Found a blossoming altar of Fedhas.
  2019 | D:3      | Found a glowing golden altar of the Shining One.
  2634 | D:4      | Reached XP level 7. HP: 64/64 MP: 6/6
  3078 | D:5      | Entered Level 5 of the Dungeon
  3115 | D:5      | Reached * piety under Okawaru
  3192 | D:5      | Reached skill level 1 in Throwing
  3280 | D:5      | Noticed Pikel
  3313 | D:5      | Reached ** piety under Okawaru
  3315 | D:5      | Killed Pikel
  3316 | D:5      | Reached skill level 1 in Invocations
  3316 | D:5      | Reached XP level 8. HP: 20/74 MP: 6/8
  4005 | D:5      | Upgraded the game from 0.30-a0-613-gdd512c7efb to
                  | 0.30-a0-618-gd6c86c23d0
  4008 | D:6      | Noticed Eustachio
  4026 | D:6      | Killed Eustachio
  4156 | D:6      | Reached *** piety under Okawaru
  4157 | D:6      | Reached XP level 9. HP: 13/82 MP: 9/9
  4435 | D:6      | Noticed Duvessa
  4439 | D:6      | Noticed Dowan
  4457 | D:6      | Killed Duvessa
  4459 | D:6      | Killed Dowan
  4473 | D:6      | Found a staircase to the Ecumenical Temple.
  4490 | Temple   | Entered the Ecumenical Temple
  4720 | D:6      | Found an iron altar of Okawaru.
  4900 | D:7      | Noticed Menkaure
  4913 | D:7      | Killed Menkaure
  5418 | D:7      | Reached **** piety under Okawaru
  5569 | D:8      | Paralysed by a hornet for 2 turns
  5593 | D:7      | Received a gift from Okawaru
  5838 | D:8      | Noticed Prince Ribbit
  5844 | D:8      | Noticed Joseph
  5863 | D:7      | Killed Prince Ribbit
  5962 | D:8      | Noticed Maggie
  5973 | D:8      | HP: 2/79 [Maggie/+0 glaive of draining (3)]
  5973 | D:8      | Slain by an orc warrior

Illustrated notes

Levels and vault maps discovered:
D:1:      lemuel_arrival_rhombus, layout_basic, serial_shops, shop_statue
D:2:      layout_basic, shapermc_ecumenical_altar_mp_highgroup, basic_altar,
          uniq_sigmund
D:3:      layout_basic, minitemple, serial_shops, nicolae_shop_window_shopping,
          kennysheep_minor_cross
D:4:      layout_loops_corners
D:5:      layout_basic, minmay_holes, uniq_pikel
D:6:      layout_rooms, kennysheep_okawaru_gauntlet, minmay_temple_entry_arrows,
          uniq_duvessa, uniq_eustachio
D:7:      layout_rooms, uniq_menkaure
D:8:      layout_cave_pools, slow_altar_2, grunt_ogre_cave, kennysheep_doodads,
          uniq_maggie, uniq_prince_ribbit1, uniq_joseph, uniq_grum
Temple:   corrupted_temple

Skill      XL: |  1  2  3  4  5  6  7  8  9 |
---------------+----------------------------+-----
Fighting       | 4 5 6 7 8 9 |  9.8
Axes           | 3 4 5 7 9 |  9.2
Shields        | 4 5 6 7 |  7.2
Armour         | 4 5 6 7 |  7.4
Throwing       | 2 3 4 |  4.2
Invocations    | 1 2 3 |  3.7

Action                   |  1- 3 |  4- 6 |  7- 9 || total
-------------------------+-------+-------+-------++-------
Melee: War axe           |    51 |    97 |   212 ||   360
       Headbutt          |     9 |    19 |    45 ||    73
Throw: Dart              |       |       |     5 ||     5
       Boomerang         |       |       |     4 ||     4
  Use: Scroll            |     2 |     3 |    12 ||    17
       Potion            |       |     1 |       ||     1
Armor: Scale mail        |    23 |    16 |       ||    39
       Plate armour      |       |    26 |   174 ||   200
Dodge: Dodged            |    18 |    35 |    92 ||   145
Block: Buckler           |    31 |    51 |   193 ||   275
       Reflection        |       |     1 |    12 ||    13

Table legend: (Time is in decaauts)
 A = Elapsed time spent in this place.
 B = Non-inter-level travel time spent in this place.
 C = Inter-level travel time spent in this place.
 D = Time resting spent in this place.
 E = Time spent auto-exploring this place.
 F = Levels seen in this place.
 G = Mean time per level.
                   A        B        C        D        E       F      G
               +--------+--------+--------+--------+--------+-----+--------+
         Total |   6059 |   5900 |    159 |    669 |   3433 |   9 |  673.2 |
       Dungeon |   6057 |   5898 |    159 |    669 |   3433 |   8 |  757.1 |
        Temple |      1 |      1 |      0 |      0 |      0 |   1 |    1.0 |
               +--------+--------+--------+--------+--------+-----+--------+

Top non-repeatable levels by time:
     D:7: 1098 daAuts
     D:2: 1002 daAuts
     D:5: 938 daAuts
     D:6: 849 daAuts
     D:4: 789 daAuts
     D:3: 681 daAuts
     D:1: 653 daAuts
     D:8: 45 daAuts
  Temple: 1 daAuts
